 Dungeon Crawl Stone Soup version 0.28.0-53-g5a82cb258f (webtiles) character file.

Game seed: 4479558568879997134

64283 VictoriousLee the Basher (level 14, -17/120 HPs)
             Began as a Demonspawn Abyssal Knight on June 12, 2022.
             Was a High Priest of Lugonu.
             Killed from afar by Jorgrun (28 damage)
             ... with an iron shot
             ... while petrified by Jorgrun
             ... on level 1 of the Orcish Mines.
             The game lasted 01:58:58 (27352 turns).

VictoriousLee the Basher (DsAK)                    Turns: 27352, Time: 01:58:59

Health: -17/120    AC: 17    Str: 20    XL:     14   Next: 71%
Magic:  23/23      EV:  2    Int: 16    God:    Lugonu [*****.]
Gold:   1345       SH:  0    Dex: 14    Spells: 19/21 levels left

rFire   + . .      SeeInvis .   D - +10 mace "Qeadghin" {speed, Str+2 Int+4}
rCold   + . .      Faith    .   (no shield)
rNeg    + + +      Spirit   .   w - +0 plate armour
rPois   ∞          Reflect  .   h - +2 hat {Stlth+}
rElec   .          Harm     .   p - +1 cloak
rCorr   .          Rampage  .   l - +1 pair of gloves
Will    ++...                   B - +0 pair of boots
Stlth   ..........              H - amulet of the acrobat
HPRegen 0.30/turn               u - ring of willpower
MPRegen 0.18/turn               g - ring of protection from cold

@: petrified
A: antennae 1, repulsion field 1, foul stench 1, demonic magic 2, deformed body,
fire resistance 1
a: Renounce Religion, Depart the Abyss, Bend Space, Banish, Corrupt, Enter the
Abyss


You were on level 1 of the Orcish Mines.
You worshipped Lugonu.
Lugonu was extremely pleased with you.
You visited 4 branches of the dungeon, and saw 20 of its levels.
You visited the Abyss 1 time.

You collected 1345 gold pieces.

Inventory:

Hand Weapons
 m - the +8 great mace of Valour {flame, rC+}
   (You acquired it on level 8 of the Dungeon)

   It burns those it strikes, dealing additional fire damage.
   rC:        It protects you from cold.
 r - a +0 mace of protection
 D - the +10 mace "Qeadghin" (weapon) {speed, Str+2 Int+4}
   (You found it on level 3 of the Dungeon)

   Attacks with this weapon are significantly faster.
   Str:       It affects your strength (+2).
   Int:       It affects your intelligence (+4).
 P - a +1 flail of draining
 V - a +0 war axe of freezing
Missiles
 I - 4 throwing nets
 R - 22 poisoned darts
 U - 4 javelins
Armour
 h - a +2 hat of stealth (worn)
 l - a +1 pair of gloves (worn)
 p - a +1 cloak (worn)
 w - a +0 plate armour (worn)
 B - a +0 pair of boots (worn)
Magical Staves
 z - a staff of death
Jewellery
 d - a ring of resist corrosion
 g - a ring of protection from cold (right hand)
 i - a ring of wizardry
 u - a ring of willpower (left hand)
 H - an amulet of the acrobat (around neck)
 X - a ring of willpower
Wands
 k - a wand of mindburst (5)
 q - a wand of iceblast (3)
 s - a wand of acid (5)
 C - a wand of polymorph (5)
 E - a wand of flame (12)
 W - a wand of digging (2)
 Y - a wand of charming (12)
Scrolls
 b - a scroll of enchant armour
 j - 2 scrolls of fear
 n - a scroll of torment
 o - 2 scrolls of identify
 t - 9 scrolls of teleportation
 v - 2 scrolls of enchant weapon
 x - 4 scrolls of fog
 G - a scroll of brand weapon
 K - 2 scrolls of blinking
 Q - 4 scrolls of magic mapping
Potions
 a - a potion of berserk rage
 c - 3 potions of attraction
 y - a potion of lignification
 A - 7 potions of mutation
 J - 6 potions of curing
 M - a potion of haste
 O - a potion of flight
 T - 2 potions of resistance
 Z - a potion of magic
Miscellaneous
 e - a phantom mirror
 S - a box of beasts


   Skills:
 - Level 14.0 Fighting
 - Level 14.0 Maces & Flails
 - Level 8.5 Armour
 - Level 1.1 Dodging
 - Level 4.2 Spellcasting
 - Level 4.7 Translocations
 + Level 13.3 Invocations
 + Level 7.9 Evocations


You had 19 spell levels left.
You knew the following spells:

 Your Spells              Type           Power      Damage    Failure   Level
a - Blink                 Tloc           36%        N/A       56%         2

Your spell library contained the following spells:

 Spells                   Type           Power      Damage    Failure   Level
 Lesser Beckoning         Tloc           18%        N/A       80%         3
 Animate Skeleton         Necr           6%         N/A       97%         1
 Foxfire                  Conj/Fire      12%        2x1d4     97%         1
 Pain                     Necr           12%        1d4       97%         1
 Shock                    Conj/Air       12%        1d3       97%         1
 Ensorcelled Hibernation  Hex/Ice        6%         N/A       99%         2
 Conjure Flame            Conj/Fire      3%         6-21      100%        3
 Ignite Poison            Fire/Tmut/Pois 3%         N/A       100%        3
 Inner Flame              Hex/Fire       3%         N/A       100%        3
 Spider Form              Tmut/Pois      3%         N/A       100%        3
 Stone Arrow              Conj/Erth      6%         3d7       100%        3
 Vampiric Draining        Necr           3%         2d6       100%        3
 Airstrike                Air            1%         N/A       100%        4
 Anguish                  Hex/Necr       1%         N/A       100%        4
 Animate Armour           Summ/Erth      6%         N/A       100%        4
 Flame Wave               Conj/Fire      3%         2d4       100%        4
 Sticky Flame             Conj/Fire      3%         2d3       100%        4
 Summon Lightning Spire   Summ/Air       3%         N/A       100%        4
 Alistair's Intoxication  Tmut/Pois      2%         N/A       100%        5
 Borgnjor's Vile Clutch   Necr/Erth      1%         N/A       100%        5
 Lightning Bolt           Conj/Air       1%         1d12      100%        5
 Manifold Assault         Tloc           18%        N/A       100%        5
 Eringya's Noxious Bog    Tmut/Pois      1%         N/A       100%        6
 Lehudib's Crystal Spear  Conj/Erth      1%         10d2      100%        8


Dungeon Overview and Level Annotations

Branches:
Dungeon (11/15)            Temple (1/1) D:5            Lair (6/6) D:9
 Shoals (0/4) Lair:4       Spider (0/4) Lair:4        Slime (0/5) Lair:6
    Orc (2/2) D:11            Elf (0/3) Orc:2

Altars:
Ashenzari
Cheibriados
Dithmenos
Elyvilon
Fedhas
Gozag
Hepliaklqana
Kikubaaqudgha
Makhleb
Nemelex Xobeh
Okawaru
Qazlal
Ru
Sif Muna
Trog
Uskayaw
Vehumet
Wu Jian
Xom
Yredelemnul
Zin
The Shining One
Beogh

Shops:
D:5 !   D:8 :   D:9 *

Annotations:
D:3 3 runed translucent doors, trickyswaf's ghost, amateur MiFi
Lair:1 2 transporters, quokkamancerX's ghost, journeyman GrEE
Orc:1 Jorgrun


Innate Abilities, Weirdness & Mutations

You have a pair of small antennae on your head.
You are surrounded by a mild repulsion field. (EV +2)
You may rarely emit foul miasma when damaged in melee.
Spells you cast may paralyse nearby enemies.
Armour fits poorly on your strangely shaped body.
Your flesh is heat resistant. (rF+)


Message History

You sock the orc sorcerer!
You kill the orc sorcerer!
Lugonu accepts your kill.
The chaos spawn degenerates into a cloud of primal chaos!
An orc priest comes into view. It is wielding a +0 dagger.
The orc priest mumbles some strange prayers to Beogh against you.
Beogh smites you!
* * * LOW HITPOINT WARNING * * *
You hear a shout!
There is a stone staircase leading up here.
The orc priest invokes the aid of Beogh against you.
Beogh smites you!
* * * LOW HITPOINT WARNING * * *
You hear a shout!
You climb upwards.
Jorgrun shouts!
The orc shouts!
The orc priest shouts!
You hear a shout!
The orc priest looks braver for a moment.
Found 86 gold pieces.
An orc warrior comes into view. It is wielding a +0 dire flail.
There is a stone staircase leading down here.
As you read the scroll of fear, it crumbles to dust.
You assume a fearsome visage.
Jorgrun resists with almost no effort.
The orc warrior looks frightened!
The orc priest looks frightened!
The orc looks frightened!
An orc comes into view. It is wielding a +0 short sword.
You feel much better.
The orc shouts!
An orc priest comes into view. It is wielding a +0 short sword.
Jorgrun gestures at you while chanting.
You are slowing down.
Jorgrun casts a spell at you. The iron shot hits you!!
* * * LOW HITPOINT WARNING * * *
You hear a shout! x2
Your limbs are stiffening.
You have turned to stone.
An orc warrior comes into view. It is wielding a +3 battleaxe.
Jorgrun casts a spell at you. The iron shot hits you!!!
You die...

### ##..## ##.##
#....# #...####...##
## ##..........###.
##.#........... ###
###........##. ##.##
##))..##....#
#.$.###)<).###.....
#@# #.)..^##......
##.# #.............
#.g####...........#
###...# ###.....>....
#.>.oo# #.........#
#........# ##....#.###
..............#...####
#$...$....#oo..###.##
..............$. ###


You could see Jorgrun, an orc warrior, an orc priest and 2 orcs.

Vanquished Creatures
  Gastronok (Lair:3)
  Snorg (Lair:4)
  An ogre mage (D:11)
  6 hydras
  Erica (D:8)
  2 catoblepae
  5 two-headed ogres (D:11)
  6 death yaks
  2 goliath frogs
  Pikel (D:8)
  A cyclops (Orc:2)
  2 orc sorcerers (Orc:2)
  2 elephants
  5 black mambas
  A gargoyle (D:11)
  21 cane toads
  An unseen horror (D:10)
  3 torpor snails
  A tengu conjurer (D:11)
  6 komodo dragons
  4 rime drakes
  5 meliai (Lair:2)
  A troll (D:9)
  2 polar bears
  Grinder (D:6)
  2 hornets (D:10)
  A tyrant leech (Lair:6)
  27 blink frogs
  6 dream sheep
  A wraith (D:10)
  2 shadows (D:11)
  3 wyverns
  4 steam dragons
  44 yaks
  9 basilisks
  7 vampire mosquitoes
  Menkaure (D:4)
  24 water moccasins
  10 orc warriors
  3 black bears
  14 wolves
  10 ogres
  6 centaurs
  2 lemures (D:8)
  2 kobold brigands
  A phantom (D:11)
  Blork the orc (D:4)
  19 bullfrogs
  A wyvern zombie (D:7)
  13 scorpions
  A gnoll sergeant (D:9)
  25 killer bees (Lair:2)
  11 wights
  2 electric eels
  6 howler monkeys (D:7)
  4 lava snakes
  2 centaur zombies (D:9)
  Crazy Yiuf (D:4)
  3 hounds
  11 orc priests
  2 gnoll shamans
  A centaur skeleton (D:5)
  5 iguanas
  Ijyb (D:3)
  13 orc wizards
  9 hell rats
  8 ogre zombies (D:11)
  A howler monkey zombie (D:7)
  12 gnolls
  9 adders
  2 shadow imps
  2 ufetubi
  2 worms
  2 dart slugs (D:1)
  51 orcs
  8 bats
  4 endoplasms
  3 giant cockroaches
  9 hobgoblins
  2 jackals (D:4)
  3 quokkas
  5 ball pythons
  7 frilled lizards
  8 goblins
  3 goblin zombies (D:11)
  2 hobgoblin skeletons (D:11)
  5 hobgoblin zombies (D:11)
  14 kobolds
  14 orc zombies (D:11)
  5 rats
  A butterfly (Lair:3)
574 creatures vanquished.

Vanquished Creatures (collateral kills)
  A tyrant leech (Lair:6)
  An electric eel (Lair:6)
2 creatures vanquished.

Vanquished Creatures (others)
  An orc wizard (Orc:2)
  An orc (D:9)
  A hobgoblin skeleton (D:11)
  67 fungi
  132 plants
202 creatures vanquished.

Grand Total: 778 creatures vanquished

Notes
Turn   | Place    | Note
-------+----------+-------------------------------------------
     0 | Abyss:1  | VictoriousLee the Demonspawn Abyssal Knight began the quest
                  | for the Orb.
     0 | Abyss:1  | Reached XP level 1. HP: 18/18 MP: 2/2
     1 | Abyss:1  | Noticed a tyrant leech
     1 | Abyss:1  | Noticed a boulder beetle
     1 | Abyss:1  | Noticed a thrashing horror
     2 | D:1      | Escaped the Abyss
   100 | D:1      | Reached skill level 1 in Dodging
   126 | D:1      | Reached * piety under Lugonu
   146 | D:1      | Found a faded altar of an unknown god.
   191 | D:1      | Gained mutation: Spells you cast may paralyse adjacent
                  | enemies. [demonic ancestry]
   191 | D:1      | Reached XP level 2. HP: 14/24 MP: 4/4
   958 | D:1      | Reached XP level 3. HP: 29/29 MP: 5/5
  1159 | D:2      | Found a shadowy altar of Dithmenos.
  1908 | D:2      | Reached XP level 4. HP: 35/35 MP: 6/6
  2044 | D:2      | Reached ** piety under Lugonu
  2625 | D:3      | Noticed Ijyb
  2649 | D:3      | Killed Ijyb
  3218 | D:3      | Found a runed translucent gate.
  3231 | D:3      | Found a runed translucent gate.
  3231 | D:3      | Found a runed translucent gate.
  3232 | D:3      | Noticed trickyswaf's ghost (amateur MiFi)
  3421 | D:3      | Identified the +10 mace "Qeadghin" {speed, Str+2 Int+4}
  3587 | D:3      | Gained mutation: You may rarely emit foul miasma when
                  | damaged in melee. [demonic ancestry]
  3587 | D:3      | Reached XP level 5. HP: 41/41 MP: 8/8
  4081 | D:4      | Noticed an ogre
  4085 | D:4      | Killed an ogre
  4086 | D:4      | Reached skill level 5 in Invocations
  4101 | D:4      | Gained mutation: Spells you cast may paralyse nearby
                  | enemies. [demonic ancestry]
  4101 | D:4      | Reached XP level 6. HP: 37/48 MP: 9/9
  4205 | D:4      | Noticed Blork the orc
  4217 | D:4      | Killed Blork the orc
  4452 | D:4      | Noticed Menkaure
  4468 | D:4      | Killed Menkaure
  4469 | D:4      | Reached skill level 5 in Fighting
  4469 | D:4      | Reached XP level 7. HP: 30/56 MP: 11/11
  5440 | D:4      | Found a runed translucent door.
  5441 | D:4      | Noticed Crazy Yiuf
  5448 | D:4      | Killed Crazy Yiuf
  5763 | D:5      | Entered Level 5 of the Dungeon
  5827 | D:5      | Reached XP level 8. HP: 65/67 MP: 13/13
  6066 | D:5      | Found a staircase to the Ecumenical Temple.
  6075 | Temple   | Entered the Ecumenical Temple
  6372 | D:5      | Found Yxacyaqy's Distillery.
  6457 | D:5      | Identified the +10 rapier of Ydeusas {vorpal, rCorr Dex+2}
  6472 | D:5      | Reached *** piety under Lugonu
  6938 | D:5      | Found a shadowy altar of Dithmenos.
  7033 | D:6      | Noticed Grinder
  7041 | D:6      | Paralysed by Grinder for 6 turns
  7070 | D:6      | Paralysed by Grinder for 2 turns
  7073 | D:6      | Killed Grinder
  7278 | D:6      | Reached skill level 5 in Maces & Flails
  7570 | D:6      | Reached XP level 9. HP: 50/74 MP: 15/15
  8356 | D:7      | Reached skill level 10 in Invocations
  8813 | D:7      | Reached **** piety under Lugonu
  9516 | D:7      | Reached XP level 10. HP: 56/82 MP: 17/17
  9939 | D:8      | Noticed Erica
  9953 | D:8      | Killed Erica
 10207 | D:8      | Found Pyvemoih's Book Emporium.
 10313 | D:8      | Noticed Pikel
 10348 | D:8      | Killed Pikel
 10349 | D:8      | Reached skill level 10 in Fighting
 10695 | D:8      | Identified a scroll of acquirement
 10695 | D:8      | Acquired the +8 great mace of Valour {flame, rC+}
 11490 | D:9      | Found Bous's Neck Hole.
 11517 | D:9      | Found a staircase to the Lair.
 11913 | D:9      | Gained mutation: Your flesh is heat resistant. (rF+)
                  | [potion of mutation]
 11924 | D:10     | Entered Level 10 of the Dungeon
 12344 | Lair:1   | Entered Level 1 of the Lair of Beasts
 12349 | Lair:1   | Gained mutation: You are surrounded by a mild repulsion
                  | field. (EV +2) [demonic ancestry]
 12349 | Lair:1   | Reached XP level 11. HP: 89/93 MP: 19/19
 12382 | D:9      | Reached ***** piety under Lugonu
 12682 | Lair:1   | Reached skill level 10 in Maces & Flails
 12892 | Lair:1   | Noticed quokkamancerX's ghost (journeyman GrEE)
 12912 | Lair:1   | Found a transporter.
 12912 | Lair:1   | Found a transporter.
 13793 | Lair:1   | Learned a level 2 spell: Blink
 15548 | Lair:2   | Gained mutation: You have a pair of small antennae on your
                  | head. [demonic ancestry]
 15548 | Lair:2   | Reached XP level 12. HP: 75/100 MP: 20/20
 16852 | Lair:2   | You fall into a shaft and drop 2 floors!
 16978 | Lair:4   | Found a staircase to the Shoals.
 17270 | Lair:4   | Noticed an eight-headed hydra
 17298 | Lair:4   | Killed an eight-headed hydra
 17299 | Lair:4   | Reached skill level 5 in Armour
 17431 | Lair:4   | Noticed Snorg
 17460 | Lair:4   | Killed Snorg
 17504 | Lair:3   | Noticed a seven-headed hydra
 17512 | Lair:3   | Banished a seven-headed hydra
 18490 | Lair:3   | Noticed Gastronok
 18503 | Lair:3   | Killed Gastronok
 18719 | Lair:3   | Reached XP level 13. HP: 62/106 MP: 21/21
 20431 | Lair:4   | Found a hole to the Spider Nest.
 20556 | Lair:4   | Reached skill level 1 in Translocations
 22661 | Lair:6   | Entered Level 6 of the Lair of Beasts
 22681 | Lair:5   | Reached skill level 1 in Spellcasting
 23033 | Lair:6   | Found a staircase to the Slime Pits.
 23407 | Lair:6   | Reached XP level 14. HP: 104/119 MP: 22/22
 23462 | Lair:6   | Got the Reference Book on Attacks
 23564 | Lair:6   | Reached skill level 1 in Evocations
 23745 | Lair:6   | Identified the +1 helmet of Existentialism {rPois rF- Int+3
                  | Dex+3}
 23901 | Lair:6   | Reached skill level 5 in Evocations
 24284 | Lair:6   | Identified the +1 robe of Courage {rF+ Int+3}
 25830 | D:11     | Found a staircase to the Orcish Mines.
 26893 | Orc:1    | Entered Level 1 of the Orcish Mines
 27048 | Orc:2    | Entered Level 2 of the Orcish Mines
 27048 | Orc:2    | Found a staircase to the Elven Halls.
 27304 | Orc:2    | Gained mutation: Armour fits poorly on your strangely
                  | shaped body. [a neqoxec]
 27344 | Orc:1    | Noticed Jorgrun
 27352 | Orc:1    | Killed from afar by Jorgrun

Illustrated notes

Levels and vault maps discovered:
D:1:      ebering_trefoil_3fold, layout_basic,
          hellmonk_ecumenical_altar_pennies_from_heaven
D:2:      minmay_spotlight, layout_loops_cross, basic_altar
D:3:      layout_basic, ebering_ghost_rock_garden, minmay_misc_feat_encased,
          hangedman_decor_opposing, uniq_ijyb
D:4:      layout_loops_ring, kennysheep_nondescript, uniq_menkaure,
          uniq_crazy_yiuf_cottage, uniq_blork_the_orc
D:5:      layout_loops_cross, grunt_dithmenos_smoke_and_mirrors,
          minmay_temple_entry_statues_pillars, serial_shops, kennysheep_mini
D:6:      layout_basic, uniq_grinder
D:7:      layout_basic, kennysheep_generic_room_5
D:8:      layout_basic, serial_shops, shop, palyth_stone_intersect,
          minmay_splitting_lines, uniq_pikel, uniq_erica
D:9:      layout_basic, david_lair_shrubbed, serial_curves, eino_curves_03,
          eino_curves_01, eino_curves_01, nicolae_shop_sticking_my_neck_out
D:10:     erik_rubicon_a, layout_basic, minmay_orc_keep
D:11:     layout_rooms, zombieorc2_lemuel
Temple:   kilobyte_greek_temple
Lair:1:   layout_gridlike, gammafunk_ghost_hive, grunt_forest_large_clearing_hut
Lair:2:   regret_index_combs_of_tragedy, layout_small_grid, beast_lair_carwin_9
Lair:3:   layout_concentric_octagons, nzn_random_ring, serial_bayou_shore_b,
          infiniplex_staircase_pool, lemuel_fruit_fields, uniq_gastronok
Lair:4:   layout_cave_shapes, shoals_dummy_entry,
          nicolae_spider_entry_non_spiders, uniq_snorg
Lair:5:   layout_gridlike, hangedman_lair_generics_rect, grunt_megastairs_2
Lair:6:   minmay_lair_end_frog_pond, layout_gridlike, slime_dummy,
          lemuel_fruit_tree
Orc:1:    layout_diamond_mine, uniq_jorgrun
Orc:2:    st_orc_elflike, layout_caves, basic_altar, uniq_sonja

Skill      XL: |  1  2  3  4  5  6  7  8  9 10 11 12 13 14 |
---------------+-------------------------------------------+-----
Dodging        | 1 |  1.1
Maces & Flails | 2 3 4 5 9 13 14 | 14.0
Armour         | 2 8 |  8.5
Invocations    | 3 4 5 6 7 9 10 11 13 | 13.3
Fighting       | 4 5 7 8 11 13 14 | 14.0
Translocations | 4 |  4.7
Spellcasting   | 4 |  4.2
Evocations     | 7 |  7.9

Action                   |  1- 3 |  4- 6 |  7- 9 | 10-12 | 13-15 || total
-------------------------+-------+-------+-------+-------+-------++-------
Melee: Mace              |   124 |    89 |   277 |   742 |  1034 ||  2266
       Dagger            |       |     1 |       |       |       ||     1
       Punch             |       |       |     2 |    15 |    15 ||    32
Throw: Dart              |       |       |       |     3 |       ||     3
 Cast: Blink             |       |       |       |       |     1 ||     1
Invok: Depart the Abyss  |     1 |       |       |       |       ||     1
       Banish            |       |       |       |     9 |    13 ||    22
       Bend Space        |       |       |       |       |     1 ||     1
Evoke: Wand              |       |     1 |       |     5 |     3 ||     9
       Box of beasts     |       |       |       |       |     1 ||     1
  Use: Potion            |       |     2 |       |    15 |     5 ||    22
       Scroll            |       |       |     3 |    14 |     7 ||    24
 Stab: Sleeping          |     3 |     1 |       |       |       ||     4
       Invisible         |       |       |       |       |    10 ||    10
Armor: Leather armour    |    49 |    12 |       |       |       ||    61
       Scale mail        |       |    14 |    91 |       |       ||   105
       Steam dragon scal |       |       |     6 |       |       ||     6
       Plate armour      |       |       |     4 |   274 |   286 ||   564
       Skin              |       |       |       |       |     6 ||     6
Dodge: Dodged            |    90 |    35 |    97 |   225 |   303 ||   750
